 Dungeon Crawl Stone Soup version 0.26-a0-540-g8a0c9464d7 (webtiles) character file.

Game seed: 15952120716401030866

4913 HoaS the Grappler (level 10, -6/53 HPs)
             Began as a Gargoyle Gladiator on Aug 19, 2020.
             Was a Priest of Makhleb.
             Mangled by an orc warlord
             ... wielding a +0 war axe
              (24 damage)
             ... in a bailey.
             The game lasted 00:17:29 (7726 turns).

HoaS the Grappler (Gargoyle Gladiator)              Turns: 7726, Time: 00:17:29

Health: -6/53      AC: 21    Str: 28    XL:     10   Next: 51%
Magic:  10/10      EV:  8    Int:  8    God:    Makhleb [***...]
Gold:   390        SH:  0    Dex: 11    Spells: 9/9 levels left

rFire    . . .     SeeInvis .     - Unarmed
rCold    . . .     Faith    .   (no shield)
rNeg     + . .     Spirit   .   y - +1 plate armour
rPois    ∞         Reflect  .   b - +1 helmet
rElec    +         Harm     .   q - scarf {+Inv}
rCorr    .                      d - +0 pair of gloves
MR       +....                  (no boots)
Stlth    ..........             (no amulet)
HPRegen  0.17/turn              s - +6 ring of strength
MPRegen  0.12/turn              p - ring of protection from magic

@: mighty, hasted, very quick
A: negative energy resistance 1, electricity resistance, unbreathing,
petrification resistance, rot immunity, AC +7
a: Minor Destruction, Lesser Servant of Makhleb, Renounce Religion, Evoke
Invisibility


You were in a bailey.
You worshipped Makhleb.
Makhleb was most pleased with you.
You visited 2 branches of the dungeon, and saw 10 of its levels.
You also visited: Sewer and Bailey.

You collected 390 gold pieces.

Inventory:

Missiles
 a - 49 boomerangs (quivered)
 c - 3 throwing nets
 h - 76 poisoned darts
Armour
 b - a +1 helmet (worn)
 d - a +0 pair of gloves (worn)
 q - a scarf of invisibility (worn)
 y - a +1 plate armour (worn)
Jewellery
 i - an uncursed ring of resist corrosion
 p - a ring of protection from magic (right hand)
 s - a +6 ring of strength (left hand)
Wands
 o - a wand of paralysis (4)
 r - a wand of polymorph (5)
 t - a wand of disintegration (13)
Scrolls
 e - 7 scrolls of teleportation
 f - 10 scrolls of remove curse
 g - 5 scrolls of identify
 m - 2 scrolls of fear
 u - 4 scrolls of blinking
 x - 3 scrolls of magic mapping
 z - a scroll of fog
Potions
 j - 3 potions of heal wounds
 k - 2 potions of ambrosia
 l - 5 potions of curing
 n - 2 potions of invisibility
 v - 3 potions of flight
 B - a potion of resistance


   Skills:
 - Level 2.1 Fighting
 - Level 1.7 Throwing
 - Level 2.4 Dodging
 + Level 14.7 Unarmed Combat


You had 9 spell levels left.
You didn't know any spells.
Your spell library was empty.

Dungeon Overview and Level Annotations

Branches:
Dungeon (9/15)             Temple (1/1) D:5           Sewer (visited)
 Bailey (1/1)
   Lair: D:8-11         Orc: D:9-12

Altars:
Ashenzari
Cheibriados
Dithmenos
Elyvilon
Fedhas
Gozag
Hepliaklqana
Kikubaaqudgha
Makhleb
Nemelex Xobeh
Okawaru
Qazlal
Ru
Sif Muna
Trog
Uskayaw
Vehumet
Wu Jian
Xom
Yredelemnul
Zin
The Shining One


Innate Abilities, Weirdness & Mutations

You are resistant to torment.
Your stone body is resilient. (AC +7)
You are immune to poison.
You resist negative energy. (rN+)
You are resistant to electric shocks. (rElec)
You can survive without breathing.
You are immune to petrification.
You are immune to rotting.


Message History

The orc hits you but does no damage.
You hit the orc warlord.
The orc warlord is lightly wounded.
The orc warlord hits you with a +0 war axe.
You hit the orc warlord.
The orc warlord is moderately wounded.
The goblin splashes around in the water.
The orc barely misses you.
You pummel the orc warlord!!
The orc warlord is heavily wounded.
The orc warlord hits you with a +0 war axe!
You barely miss the orc warlord.
The orc warlord is heavily wounded.
The goblin hits you but does no damage. The orc barely misses you.
You closely miss the orc warlord.
The orc warlord is heavily wounded.
You barely miss the orc warlord.
The orc warlord is heavily wounded.
The orc warlord hits you with a +0 war axe!!
You die...

♣...≈≈≈.##.........##.≈≈≈(..♣
∩...≈≈≈.#≈....∩....≈#)≈≈≈...∩
♣..(≈≈≈.#≈.........≈#)≈≈≈(..♣
♣..(≈≈≈.#≈≈.8...8.≈≈#.≈≈≈...♣
♣♣..###'###.......###)###(.♣♣
♣.##....#≈.8...8.≈#....##.♣
♣##.....#≈≈≈≈≈≈≈≈≈#.....##♣
##......####go≈####......##
#...8......#'@o#......8...#
#.........................#
#..........†))............#
##..8..8....)......8..8.?##
##.......#######.......##
##.....## ##.....## ##!..##
##...## ##### #####


You could see an orc warlord, an orc (strong) and a goblin.

Vanquished Creatures
  A two-headed ogre (D:8)
  Grinder (D:5)
  Prince Ribbit (D:8)
  A hippogriff (D:7)
  A sky beast (D:6)
  3 orc warriors (Bailey)
  Purgy (Sewer)
  An ice beast (D:8)
  2 phantoms
  A black bear (D:7)
  2 ogres
  4 centaurs
  2 big kobolds
  2 bullfrogs (D:6)
  2 gnoll sergeants
  4 scorpions
  6 wights (D:8)
  4 hounds
  2 jellies
  2 centaur skeletons
  3 orc priests
  3 orc wizards
  Terence (D:2)
  3 iguanas
  9 worker ants
  A hound skeleton (D:8)
  A hound zombie (D:8)
  A howler monkey zombie (D:6)
  24 gnolls
  8 adders
  4 shadow imps
  A white imp (D:6)
  2 ufetubi
  An ooze (D:3)
  3 adder skeletons
  4 worms
  4 dart slugs
  10 leopard geckos
  23 orcs
  5 ball pythons
  7 bats (D:3)
  6 giant cockroaches
  13 goblins
  10 hobgoblins
  10 jackals
  36 kobolds
  3 quokkas
  9 frilled lizards
  A jackal zombie (D:5)
  10 rats
259 creatures vanquished.

Notes
Turn   | Place    | Note
-------+----------+-------------------------------------------
     0 | D:1      | HoaS the Gargoyle Gladiator began the quest for the Orb.
     0 | D:1      | Reached XP level 1. HP: 12/12 MP: 1/1
    82 | D:1      | Reached XP level 2. HP: 15/17 MP: 2/2
   249 | D:1      | Reached skill level 4 in Unarmed Combat
   349 | D:1      | Reached XP level 3. HP: 21/21 MP: 3/3
   902 | D:1      | Reached XP level 4. HP: 26/26 MP: 4/4
  1081 | D:2      | Noticed Terence
  1118 | D:2      | Killed Terence
  1118 | D:2      | Reached skill level 5 in Unarmed Combat
  1717 | D:3      | Reached XP level 5. HP: 30/30 MP: 5/5
  1927 | D:3      | Reached skill level 6 in Unarmed Combat
  2187 | D:3      | Found a glowing drain.
  2191 | Sewer    | Entered a sewer
  2248 | Sewer    | Noticed Purgy
  2269 | Sewer    | Killed Purgy
  2269 | Sewer    | Reached XP level 6. HP: 25/35 MP: 6/6
  2477 | D:3      | Reached skill level 7 in Unarmed Combat
  2571 | D:4      | Noticed a phantom
  2594 | D:4      | Killed a phantom
  2659 | D:4      | Found an opulent altar of Gozag.
  2659 | D:4      | Found a shattered altar of Ashenzari.
  2659 | D:4      | Found a blossoming altar of Fedhas.
  2660 | D:4      | Found a stormy altar of Qazlal.
  2660 | D:4      | Found an iron altar of Okawaru.
  2660 | D:4      | Found a white marble altar of Elyvilon.
  2712 | D:4      | Reached XP level 7. HP: 40/40 MP: 7/7
  2803 | D:4      | Found a basalt altar of Yredelemnul.
  2810 | D:4      | Found a glowing golden altar of the Shining One.
  3031 | D:4      | Reached skill level 8 in Unarmed Combat
  3305 | D:5      | Entered Level 5 of the Dungeon
  3924 | D:5      | Found a staircase to the Ecumenical Temple.
  3941 | Temple   | Entered the Ecumenical Temple
  4164 | Temple   | Became a worshipper of Makhleb the Destroyer
  4252 | D:5      | Noticed Grinder
  4273 | D:5      | Killed Grinder
  4273 | D:5      | Reached skill level 9 in Unarmed Combat
  4273 | D:5      | Reached XP level 8. HP: 34/44 MP: 8/8
  4439 | D:5      | Reached skill level 10 in Unarmed Combat
  4617 | D:5      | Reached * piety under Makhleb
  4947 | D:6      | Found a bloodstained altar of Trog.
  5043 | D:6      | Reached skill level 11 in Unarmed Combat
  5665 | D:7      | Reached XP level 9. HP: 45/48 MP: 9/9
  5889 | D:7      | Reached ** piety under Makhleb
  6014 | D:7      | Reached skill level 12 in Unarmed Combat
  6624 | D:8      | Reached skill level 13 in Unarmed Combat
  6768 | D:8      | Noticed a two-headed ogre
  6805 | D:8      | Killed a two-headed ogre
  6805 | D:8      | Reached XP level 10. HP: 44/53 MP: 10/10
  6809 | D:8      | Reached skill level 14 in Unarmed Combat
  6842 | D:8      | Noticed Prince Ribbit
  7291 | D:8      | Killed Prince Ribbit
  7365 | D:9      | Noticed a +0 hand axe
  7366 | D:9      | Noticed a +0 dagger
  7369 | D:9      | Found a hide-covered altar of Uskayaw.
  7379 | D:9      | Reached *** piety under Makhleb
  7411 | D:9      | Found a flagged portal.
  7430 | Bailey   | Entered a bailey
  7473 | Bailey   | Noticed an orc warlord
  7562 | Bailey   | Found a runed translucent gate.
  7564 | Bailey   | Found a runed translucent gate.
  7566 | Bailey   | Found a runed translucent gate.
  7726 | Bailey   | Mangled by an orc warlord

Illustrated notes

Levels and vault maps discovered:
D:1:      lightli_arrival_chessboard, layout_basic
D:2:      layout_rooms, chequers_serial_rivers_micro_c, uniq_terence
D:3:      layout_rooms, gup_sewer_entry_bowl, st_stairs_11
D:4:      layout_loops_cross, grunt_temple_overflow_holy_war,
          grunt_temple_overflow_open, dk_noncrumbling_2
D:5:      layout_loops_ring, minmay_temple_entry_slanted,
          minmay_misc_feat_columns, uniq_grinder
D:6:      layout_basic, bloody_trog
D:7:      layout_loops_cross, kennysheep_decorative_pillar
D:8:      layout_loops_cross, hangedman_decor_opposing, uniq_prince_ribbit1
D:9:      layout_basic, dancing_weapons_uskayaw, enter_bailey_3
Temple:   nicolae_temple_figure_eight
Bailey:   bailey_axe_bossmonster_kennysheep, bailey

Skill      XL: |  1  2  3  4  5  6  7  8  9 10 |
---------------+-------------------------------+-----
Unarmed Combat | 4 5 6 7 9 11 13 14 | 14.7
Fighting       | |  2.1
Throwing       | |  1.7
Dodging        | |  2.4

Action                   |  1- 3 |  4- 6 |  7- 9 | 10-12 || total
-------------------------+-------+-------+-------+-------++-------
Melee: Unarmed           |   147 |   263 |   416 |   166 ||   992
       Punch             |       |     4 |    22 |     9 ||    35
Throw: Throwing net      |       |     5 |     1 |       ||     6
       Dart              |       |       |     4 |       ||     4
       Boomerang         |       |       |       |    23 ||    23
  Use: Scroll            |     4 |     8 |     8 |     4 ||    24
       Potion            |       |       |       |     2 ||     2
 Stab: Held in net/web   |       |       |     1 |       ||     1
Armor: Leather armour    |    66 |    14 |       |       ||    80
       Chain mail        |       |   150 |   117 |       ||   267
       Plate armour      |       |       |   101 |   108 ||   209
Dodge: Dodged            |   106 |   117 |   137 |    72 ||   432

Table legend: (Time is in decaauts)
 A = Elapsed time spent in this place.
 B = Non-inter-level travel time spent in this place.
 C = Inter-level travel time spent in this place.
 D = Time resting spent in this place.
 E = Time spent auto-exploring this place.
 F = Levels seen in this place.
 G = Mean time per level.
                   A        B        C        D        E       F      G
               +--------+--------+--------+--------+--------+-----+--------+
         Total |   7617 |   7258 |    359 |   1351 |   4108 |  12 |  634.8 |
       Dungeon |   6808 |   6522 |    286 |   1351 |   3640 |   9 |  756.4 |
        Temple |    262 |    189 |     73 |      0 |    187 |   1 |  262.0 |
         Sewer |    264 |    264 |      0 |      0 |    145 |   1 |  264.0 |
        Bailey |    282 |    282 |      0 |      0 |    136 |   1 |  282.0 |
               +--------+--------+--------+--------+--------+-----+--------+

Top non-repeatable levels by time:
     D:4: 1174 daAuts
     D:6: 933 daAuts
     D:1: 891 daAuts
     D:2: 800 daAuts
     D:8: 793 daAuts
     D:5: 760 daAuts
     D:7: 754 daAuts
     D:3: 631 daAuts
  Bailey: 282 daAuts
   Sewer: 264 daAuts
  Temple: 262 daAuts
     D:9: 69 daAuts
